 Dungeon Crawl Stone Soup version 0.31-a0-256-g80acddb972 (webtiles) character file.

Game seed: 14889293732094256767

21 IndexError the Changeling (level 2, 26/26 HPs)
             Began as a Gnoll Shapeshifter on July 13, 2023.
             Quit the game on level 1 of the Dungeon.
             The game lasted 00:00:47 (618 turns).

IndexError the Changeling (Gnoll Shapeshifter)       Turns: 618, Time: 00:00:47

Health: 26/26      AC:  2    Str: 14    XL:     2   Next: 83%
Magic:  2/2        EV: 13    Int:  7    God:
Gold:   32         SH:  0    Dex: 12    Spells: 2/2 levels left

rFire   . .          .
                       - Unarmed
rCold   . . .        (no shield)
rNeg    . . .        a - +0 animal skin
rPois   .            (helmet currently unavailable)
rElec   .            (cloak currently unavailable)
rCorr   .            (gloves currently unavailable)
SInv    .            (boots currently unavailable)
Will    .....        (no amulet)
Stlth   +            (no ring)
HPRegen 0.24/turn    (no ring)
MPRegen 0.08/turn

%: no passive effects
@: beast-form
A: beast (slay +4), fangs 1, strong nose, distributed training
a: no special abilities


You were on level 1 of the Dungeon.
You were a hulking beast.
You visited 1 branch of the dungeon, and saw 1 of its levels.

You collected 32 gold pieces.

Inventory:

Armour
 a - a +0 animal skin (worn)
Jewellery
 e - a +4 ring of protection
   (You found it on level 1 of the Dungeon)
Talismans
 c - a beast talisman
Scrolls
 d - a scroll of amnesia {unknown}
 f - a scroll of fog {unknown}
Potions
 b - a potion of lignification {!q}


   Skills:
 + Level 4.5 Fighting
 + Level 0.5 Short Blades
 + Level 0.5 Long Blades
 + Level 0.5 Axes
 + Level 0.5 Maces & Flails
 + Level 0.5 Polearms
 + Level 0.5 Staves
 + Level 0.5 Ranged Weapons
 + Level 0.5 Throwing
 + Level 0.5 Armour
 + Level 4.5 Dodging
 + Level 0.5 Stealth
 + Level 0.5 Shields
 + Level 4.5 Unarmed Combat
 + Level 0.5 Spellcasting
 + Level 0.4 Conjurations
 + Level 0.4 Hexes
 + Level 0.4 Summonings
 + Level 0.4 Necromancy
 + Level 0.4 Translocations
 + Level 0.4 Transmutations
 + Level 0.4 Fire Magic
 + Level 0.4 Ice Magic
 + Level 0.4 Air Magic
 + Level 0.4 Earth Magic
 + Level 0.4 Poison Magic
 + Level 0.7 Invocations
 + Level 0.5 Evocations
 + Level 6.4 Shapeshifting


You had 2 spell levels left.
You didn't know any spells.
Your spell library contained the following spells:

 Spells                   Type           Power      Damage    Failure   Level
 Freeze                   Ice            0%         1d3       36%         1
 Frozen Ramparts          Ice            0%         1d1       75%         3
 Hailstorm                Conj/Ice       0%         3d3       75%         3


Dungeon Overview and Level Annotations

Branches:
Dungeon (1/15)

Altars:


Innate Abilities, Weirdness & Mutations

You are a hulking beast.
Your limbs bulge with bestial killing power. (Slay +4)
You have very sharp teeth.
Your uncanny sense of smell can sniff out nearby items.
Your experience applies equally to all skills.


Message History

A hobgoblin comes into view.
The hobgoblin shouts!
The kobold hits you with a +0 dagger.
You see here a +0 dagger.
You take 2 damage, and have 24/26 hp.
You hit the kobold but do no damage. The kobold barely misses you.
You hit the kobold but do no damage. The kobold barely misses you.
You hit the kobold. You hit the rat. You hit the hobgoblin.
No target in view!
No target in view!
You pick up a book of Frost and begin reading...
You add the spells Freeze, Frozen Ramparts and Hailstorm to your library.
Health restored: 26 A dart slug comes into view.
A dart slug is nearby!
The dart slug launches a dart at you. The slug dart hits you.
You take 3 damage, and have 23/26 hp.
You hit the dart slug. The dart slug barely misses you.
You punch the dart slug!
No target in view!
A rat comes into view.
Health restored: 26 A rat is nearby!
A rat is nearby!
Found a stone staircase leading down.
The rat barely misses you.
You punch the rat!
No target in view!
A hobgoblin comes into view.
A hobgoblin is nearby!
You barely miss the hobgoblin. Your bite misses the hobgoblin.
The hobgoblin hits you but does no damage.
You closely miss the hobgoblin. You hit the hobgoblin.
The hobgoblin barely misses you.
You punch the hobgoblin!
No target in view!
No target in view!
A hobgoblin comes into view.
A hobgoblin is nearby!
The helpless hobgoblin fails to defend itself.
You hit the hobgoblin but do no damage. The hobgoblin barely misses you.
You hit the hobgoblin. You punch the hobgoblin. The hobgoblin misses you.
A hobgoblin is nearby!
A hobgoblin is nearby!
You closely miss the hobgoblin. You bite the hobgoblin.
The hobgoblin misses you.
You hit the hobgoblin.
No target in view!
You see here a hobgoblin corpse.
An endoplasm comes into view.
An endoplasm is nearby!
An endoplasm is nearby!
You hit the endoplasm.
No target in view!
No target in view!
e - a +4 ring of protection You see here a hobgoblin corpse.
You open the door.
There is an open door here.
An endoplasm comes into view.
An endoplasm is nearby!
The endoplasm quivers.
The endoplasm closely misses you.
You hit the endoplasm. The endoplasm hits you.
You take 1 damage, and have 25/26 hp.
You hit the endoplasm. The endoplasm freezes you.
You are frozen.
You take 3 damage, and have 22/26 hp.
You punch the endoplasm!
A ball python comes into view.
The ball python hisses angrily.
Health restored: 26 A ball python is nearby!
A ball python is nearby!
You hit the ball python.
No target in view!
A rat comes into view.
A rat is nearby!
The helpless rat fails to defend itself.
You punch the rat!
No target in view!
You see here a rat corpse.
f - a scroll labelled QUOGIG AZEDUHI
Found a stone staircase leading down.
No target in view!
No target in view!
No target in view!
A hobgoblin comes into view.
The hobgoblin moves out of view.
No target in view!
A hobgoblin is nearby!
Saving game... please wait.
Bad channel name 'Jiyva says' for runrest: 'Jiyva says: Divide and consume' Welcome back, IndexError the Gnoll Shapeshifter.
Press ? for a list of commands and other information.
Are you sure you want to abandon this character and quit the game? (Confirm with "yes".)

######.........# #.
#####...## #
#............# #.# ##.#.##
###............# #.#
####..#...
'..............# #.#
#....##.##
##.....).......###.#
###.########
##.....#........##.# #...#
.....
###.............##.###.###
.#... #
#.............##.....#
#.##
#.............h...####
#... #....########...###
#.###. ####.# ##.>..
..#.#### #.# #####g.
#.#.#.. #.# ... #.#.#.#
#.# .. #.#.#.# #.# .
#.#.#.# #.# #.#.#.# #.#
###########.#.#.#


You could see a hobgoblin.

Vanquished Creatures
  A dart slug (D:1)
  3 endoplasms (D:1)
  A goblin (D:1)
  3 hobgoblins (D:1)
  A quokka (D:1)
  2 ball pythons (D:1)
  A bat (D:1)
  A frilled lizard (D:1)
  3 kobolds (D:1)
  3 rats (D:1)
19 creatures vanquished.

Notes
Turn   | Place    | Note
-------+----------+-------------------------------------------
     0 | D:1      | IndexError the Gnoll Shapeshifter began the quest for the
                  | Orb.
     0 | D:1      | Reached XP level 1. HP: 20/20 MP: 1/1
   156 | D:1      | Reached XP level 2. HP: 26/26 MP: 2/2
   618 | D:1      | Quit the game

Illustrated notes

Levels and vault maps discovered:
D:1:      eino_arrival_cavern_b, layout_basic, minmay_split_cup_small

Action                     || total
---------------------------++-------
  Melee: Unarmed           ||    39
         Bite              ||     2
         Punch             ||     1
   Stab: Sleeping          ||     2
 Armour: Animal skin       ||     2
  Dodge: Dodged            ||    30

Table legend: (Time is in decaauts)
 A = Elapsed time spent in this place.
 B = Non-inter-level travel time spent in this place.
 C = Inter-level travel time spent in this place.
 D = Time resting spent in this place.
 E = Time spent auto-exploring this place.
 F = Levels seen in this place.
 G = Mean time per level.
                   A        B        C        D        E       F      G
               +--------+--------+--------+--------+--------+-----+--------+
         Total |    615 |    615 |      0 |      0 |    508 |   1 |  615.0 |
       Dungeon |    615 |    615 |      0 |      0 |    508 |   1 |  615.0 |
               +--------+--------+--------+--------+--------+-----+--------+

Top non-repeatable levels by time:
     D:1: 615 daAuts

Levels and vault maps discovered:
D:1:      eino_arrival_cavern_b, layout_basic, minmay_split_cup_small

Table legend: (Time is in decaauts)
 A = Elapsed time spent in this place.
 B = Non-inter-level travel time spent in this place.
 C = Inter-level travel time spent in this place.
 D = Time resting spent in this place.
 E = Time spent auto-exploring this place.
 F = Levels seen in this place.
 G = Mean time per level.
                   A        B        C        D        E       F      G
               +--------+--------+--------+--------+--------+-----+--------+
         Total |    615 |    615 |      0 |      0 |    508 |   1 |  615.0 |
       Dungeon |    615 |    615 |      0 |      0 |    508 |   1 |  615.0 |
               +--------+--------+--------+--------+--------+-----+--------+

Top non-repeatable levels by time:
     D:1: 615 daAuts

Table legend:
 A = Kills in this place as a percentage of kills in the entire game.
 B = Kills by you in this place as a percentage of kills by you in the entire game.
 C = Kills by friends in this place as a percentage of kills by friends in the entire game.
 D = Other kills in this place as a percentage of other kills in the entire game.
 E = Experience gained in this place as a percentage of experience gained in the entire game.
 F = Experience gained in this place divided by the number of levels of this place that you have seen.
                   A       B       C       D       E      F
               +-------+-------+-------+-------+-------+----------------------
         Total | 100.0 | 100.0 |   N/A |   N/A | 100.0 |  30.0
       Dungeon | 100.0 | 100.0 |   N/A |   N/A | 100.0 |  30.0
               +-------+-------+-------+-------+-------+----------------------
